| TOP OF THE 1ST |
|
Greenville Spinners batting - Pitching for Sumter Gamecocks : LHP Gabe Diaz
|
|
Pitching: LHP Gabe Diaz
|
|
|
Batting: RHB Tony Russell
|
0-0: SINGLE (Groundball, 56D, EV 104.4 MPH)
|
|
Batting: LHB John Edmonds
|
0-0: Ball 1-0: Swinging Strike 1-1: Ball 2-1: Foul Ball, location: 2F 2-2: Fly out, F4 (Popup, 4MD, EV 48.1 MPH)
|
|
Batting: RHB Byron Peyton
|
0-0: Hit by Pitch Tony Russell to second
|
|
Batting: RHB Glenn Robertson
|
0-0: Called Strike 0-1: Ball 1-1: Ball 2-1: Foul Ball, location: 2F 2-2: Foul Ball, location: 2F 2-2: Foul Ball, location: 2F 2-2: Ball 3-2: Base on Balls Tony Russell to third Byron Peyton to second
|
|
Batting: RHB Ronald Carapezzi
|
0-0: DOUBLE (Line Drive, 78D, EV 110.0 MPH) Tony Russell scores Byron Peyton scores Glenn Robertson to third
|
|
Batting: RHB Michael McEvilly
|
0-0: Called Strike 0-1: Ball 1-1: Ball 2-1: Ball 3-1: Base on Balls
|
|
Batting: RHB Darrell Woodard
|
0-0: Ball 1-0: Grounds into fielders choice U2 (Groundball, 15S, EV 71.9 MPH) Ronald Carapezzi to third Michael McEvilly to second
|
|
Batting: RHB Luis Salazar
|
0-0: Foul Ball, location: 2F 0-1: SINGLE (Line Drive, 8RM, EV 93.1 MPH) Ronald Carapezzi scores Michael McEvilly to third Darrell Woodard to second Runner from 3rd tries for Home, SAFE, throw by CF to home
|
|
Batting: LHB Russell Getter
|
0-0: Swinging Strike 0-1: Ball 1-1: Called Strike 1-2: SINGLE (Line Drive, 78M, EV 100.6 MPH) Darrell Woodard to third Luis Salazar to second Runner from 3rd tries for Home, SAFE, throw by LF to home
|
|
Batting: RHB Tony Russell
|
0-0: Foul Ball, location: 2F 0-1: Ball 1-1: Ball 2-1: Called Strike 2-2: Ball 3-2: Base on Balls Luis Salazar to third Russell Getter to second
|
|
Batting: LHB John Edmonds
|
0-0: Fielders Choice at 2nd, 6-4 (Groundball, 6, EV 91.9 MPH)
|
| Top of the 1st over - 5 runs, 4 hits, 0 errors, 3 left on base; Greenville 5 - Sumter 0 |
| BOTTOM OF THE 1ST |
|
Sumter Gamecocks batting - Pitching for Greenville Spinners : RHP Robert Hussey
|
|
Pitching: RHP Robert Hussey
|
|
|
Batting: SHB John Cangelosi
|
0-0: Ball 1-0: Ball 2-0: Called Strike 2-1: Ball 3-1: Base on Balls
|
|
Batting: LHB Antonio Tapia
|
0-0: Ball 1-0: Foul Ball, location: 2F 1-1: Foul Ball, location: 2F 1-2: Ball 2-2: Foul Ball, location: 2F 2-2: Foul Ball, location: 2F 2-2: Foul Ball, location: 2F 2-2: Ball 3-2: Foul Ball, location: 2F 3-2: Foul Ball, location: 2F 3-2: Strikes out swinging John Cangelosi steals 2nd base (no throw) Batter strikes out.
|
|
Batting: RHB Randy Washington
|
0-0: Ball John Cangelosi is caught stealing 3rd base 2-5 1-0: Ball 2-0: Called Strike 2-1: Foul Ball, location: 2F 2-2: Ball 3-2: SINGLE (Groundball, 34D, EV 104.4 MPH)
|
|
Batting: RHB Kelly Gruber
|
0-0: Called Strike 0-1: Ball 1-1: Ball 2-1: Called Strike 2-2: Foul Ball, location: 2F 2-2: Ball 3-2: Base on Balls Randy Washington to second
|
|
Batting: LHB Mark Gerard
|
0-0: Called Strike 0-1: Ball 1-1: Foul Ball, location: 2F 1-2: Foul Ball, location: 2F 1-2: Ball 2-2: Ball 3-2: Fly out, F7 (Flyball, 78D, EV 102.5 MPH)
|
| Bottom of the 1st over - 0 runs, 1 hit, 0 errors, 2 left on base; Greenville 5 - Sumter 0 |
| TOP OF THE 2ND |
|
Greenville Spinners batting - Pitching for Sumter Gamecocks : LHP Gabe Diaz
|
|
Batting: RHB Byron Peyton
|
0-0: Fly out, F3 (Line Drive, 3, EV 73.1 MPH)
|
|
Batting: RHB Glenn Robertson
|
0-0: Ball 1-0: Foul Ball, location: 2F 1-1: SINGLE (Groundball, 56, EV 106.9 MPH)
|
|
Batting: RHB Ronald Carapezzi
|
0-0: Called Strike 0-1: Ball 1-1: Foul Ball, location: 2F 1-2: Ball 2-2: Grounds into double play, 5-4-3 (Groundball, 56S, EV 82.5 MPH)
|
| Top of the 2nd over - 0 runs, 1 hit, 0 errors, 0 left on base; Greenville 5 - Sumter 0 |
| BOTTOM OF THE 2ND |
|
Sumter Gamecocks batting - Pitching for Greenville Spinners : RHP Robert Hussey
|
|
Batting: RHB Vaughn Calloway
|
0-0: Ball 1-0: Ball 2-0: Foul Ball, location: 2F 2-1: Ball 3-1: Foul Ball, location: 2F 3-2: Base on Balls
|
|
Batting: LHB Rick Siriano
|
0-0: Ball 1-0: Ball 2-0: Ball 3-0: Base on Balls Vaughn Calloway to second
|
|
Batting: RHB Jerry Hidalgo
|
0-0: Foul Ball, location: 2F 0-1: Swinging Strike 0-2: Strikes out swinging
|
|
Batting: RHB David Howard
|
0-0: Ball 1-0: Ball 2-0: Ball 3-0: Base on Balls Vaughn Calloway to third Rick Siriano to second
|
|
Batting: SHB John Cangelosi
|
0-0: Ball 1-0: Ball 2-0: Called Strike 2-1: Ball 3-1: Foul Ball, location: 2F 3-2: Fielders Choice at 2nd, 3-6 (Groundball, 3, EV 87.5 MPH) Vaughn Calloway scores Rick Siriano to third
|
|
Batting: LHB Antonio Tapia
|
0-0: Ball John Cangelosi steals 2nd base (no throw) 1-0: Called Strike 1-1: Fly out, F7 (Flyball, 78D, EV 85.0 MPH)
|
| Bottom of the 2nd over - 1 run, 0 hits, 0 errors, 2 left on base; Greenville 5 - Sumter 1 |
| TOP OF THE 3RD |
|
Greenville Spinners batting - Pitching for Sumter Gamecocks : LHP Gabe Diaz
|
|
Batting: RHB Michael McEvilly
|
0-0: Ball 1-0: Ball 2-0: Swinging Strike 2-1: Foul Ball, location: 2F 2-2: Fly out, F8 (Flyball, 8LXD, EV 90.6 MPH)
|
|
Batting: RHB Darrell Woodard
|
0-0: Ball 1-0: Ball 2-0: Foul Ball, location: 2F 2-1: Foul Ball, location: 2F 2-2: Ground out 6-3 (Groundball, 6, EV 100.6 MPH)
|
|
Batting: RHB Luis Salazar
|
0-0: Ball 1-0: Fly out, F7 (Flyball, 7D, EV 97.5 MPH)
|
| Top of the 3rd over - 0 runs, 0 hits, 0 errors, 0 left on base; Greenville 5 - Sumter 1 |
| BOTTOM OF THE 3RD |
|
Sumter Gamecocks batting - Pitching for Greenville Spinners : RHP Robert Hussey
|
|
Batting: RHB Randy Washington
|
0-0: Ball 1-0: Called Strike 1-1: SINGLE (Flyball, 7S, EV 87.5 MPH)
|
|
Batting: RHB Kelly Gruber
|
0-0: Ball 1-0: Called Strike 1-1: Fly out, F9 (Line Drive, 9D, EV 91.3 MPH)
|
|
Batting: LHB Mark Gerard
|
0-0: Ball 1-0: Ball 2-0: Ball 3-0: Called Strike 3-1: Foul Ball, location: 2F 3-2: Foul Ball, location: 2F 3-2: Foul Ball, location: 2F 3-2: Base on Balls Randy Washington to second
|
|
Batting: RHB Vaughn Calloway
|
0-0: Called Strike 0-1: Fielders Choice at 2nd, 3-6 (Groundball, 34S, EV 85.0 MPH) Randy Washington to third
|
|
Batting: LHB Rick Siriano
|
0-0: Ball 1-0: Ball 2-0: Foul Ball, location: 2F 2-1: Ball 3-1: Base on Balls Vaughn Calloway to second
|
|
Batting: RHB Jerry Hidalgo
|
0-0: Ball 1-0: Fly out, F9 (Flyball, 9S, EV 96.3 MPH)
|
| Bottom of the 3rd over - 0 runs, 1 hit, 0 errors, 3 left on base; Greenville 5 - Sumter 1 |
| TOP OF THE 4TH |
|
Greenville Spinners batting - Pitching for Sumter Gamecocks : LHP Gabe Diaz
|
|
Batting: LHB Russell Getter
|
0-0: Ball 1-0: Ball 2-0: Ball 3-0: Called Strike 3-1: Base on Balls
|
|
Batting: RHB Tony Russell
|
0-0: Foul Ball, location: 2F 0-1: Foul Ball, location: 2F 0-2: Ball 1-2: Ball 2-2: Foul Ball, location: 2F 2-2: Grounds into double play, 4-6-3 (Groundball, 4, EV 83.1 MPH)
|
|
Batting: LHB John Edmonds
|
0-0: Ball 1-0: Swinging Strike 1-1: Foul Ball, location: 2F 1-2: Ball 2-2: Foul Ball, location: 2F 2-2: Ground out 4-3 (Groundball, 4, EV 98.1 MPH)
|
| Top of the 4th over - 0 runs, 0 hits, 0 errors, 0 left on base; Greenville 5 - Sumter 1 |
| BOTTOM OF THE 4TH |
|
Sumter Gamecocks batting - Pitching for Greenville Spinners : RHP Robert Hussey
|
|
Batting: RHB David Howard
|
0-0: Foul Ball, location: 2F 0-1: Foul Ball, location: 2F 0-2: Ground out 6-3 (Groundball, 56, EV 85.0 MPH)
|
|
Batting: SHB John Cangelosi
|
0-0: Called Strike 0-1: Ball 1-1: Fly out, F8 (Flyball, 78XD, EV 90.6 MPH)
|
|
Batting: LHB Antonio Tapia
|
0-0: Ground out 6-3 (Groundball, 6, EV 85.0 MPH)
|
| Bottom of the 4th over - 0 runs, 0 hits, 0 errors, 0 left on base; Greenville 5 - Sumter 1 |
| TOP OF THE 5TH |
|
Greenville Spinners batting - Pitching for Sumter Gamecocks : LHP Gabe Diaz
|
|
Batting: RHB Byron Peyton
|
0-0: Called Strike 0-1: Foul Ball, location: 2F 0-2: Ball 1-2: Ball 2-2: Ball 3-2: Base on Balls
|
|
Batting: RHB Glenn Robertson
|
0-0: Foul Ball, location: 2F 0-1: Ball 1-1: Ball 2-1: Foul Ball, location: 2F 2-2: Fly out, F8 (Flyball, 78D, EV 100.6 MPH)
|
|
Batting: RHB Ronald Carapezzi
|
0-0: Called Strike 0-1: Ball 1-1: Foul Ball, location: 2F 1-2: Fly out, F8 (Flyball, 89D, EV 87.5 MPH)
|
|
Batting: RHB Michael McEvilly
|
0-0: Ball 1-0: Called Strike 1-1: Ball 2-1: Ground out 4-3 (Groundball, 4, EV 98.8 MPH)
|
| Top of the 5th over - 0 runs, 0 hits, 0 errors, 1 left on base; Greenville 5 - Sumter 1 |
| BOTTOM OF THE 5TH |
|
Sumter Gamecocks batting - Pitching for Greenville Spinners : RHP Robert Hussey
|
|
Batting: RHB Randy Washington
|
0-0: Swinging Strike 0-1: Ball 1-1: Foul Ball, location: 2F 1-2: Ball 2-2: Fly out, F9 (Flyball, 9, EV 85.0 MPH)
|
|
Batting: RHB Kelly Gruber
|
0-0: Ball 1-0: Called Strike 1-1: Ground out 5-3 (Groundball, 56, EV 78.1 MPH)
|
|
Batting: LHB Mark Gerard
|
0-0: Ball 1-0: Fly out, F4 (Popup, 4, EV 73.8 MPH)
|
| Bottom of the 5th over - 0 runs, 0 hits, 0 errors, 0 left on base; Greenville 5 - Sumter 1 |
| TOP OF THE 6TH |
|
Greenville Spinners batting - Pitching for Sumter Gamecocks : LHP Gabe Diaz
|
|
Batting: RHB Darrell Woodard
|
0-0: Ball 1-0: Ball 2-0: Called Strike 2-1: Ball 3-1: Foul Ball, location: 2F 3-2: Base on Balls
|
|
Batting: RHB Luis Salazar
|
0-0: Bunt missed! 0-1: Ball Darrell Woodard is caught stealing 2nd base 2-4 1-1: Foul Ball, location: 2F 1-2: Strikes out swinging
|
|
Batting: LHB Russell Getter
|
0-0: Ball 1-0: SINGLE (Groundball, 6D, EV 95.6 MPH)
|
|
Batting: RHB Tony Russell
|
0-0: Ball 1-0: Called Strike 1-1: Called Strike 1-2: Ground out 5-3 (Groundball, 56S, EV 85.6 MPH)
|
| Top of the 6th over - 0 runs, 1 hit, 0 errors, 1 left on base; Greenville 5 - Sumter 1 |
| BOTTOM OF THE 6TH |
|
Sumter Gamecocks batting - Pitching for Greenville Spinners : RHP Robert Hussey
|
|
Batting: RHB Vaughn Calloway
|
0-0: Ball 1-0: Ball 2-0: Ground out U3 (Groundball, 34, EV 97.5 MPH)
|
|
Batting: LHB Rick Siriano
|
0-0: Ball 1-0: Foul Ball, location: 2F 1-1: Ball 2-1: Foul Ball, location: 2F 2-2: Fly out, F6 (Popup, 6MD, EV 61.9 MPH)
|
|
Batting: RHB Jerry Hidalgo
|
0-0: Ball 1-0: Fly out, F8 (Flyball, 8LM, EV 89.4 MPH)
|
| Bottom of the 6th over - 0 runs, 0 hits, 0 errors, 0 left on base; Greenville 5 - Sumter 1 |
| TOP OF THE 7TH |
|
Greenville Spinners batting - Pitching for Sumter Gamecocks : LHP Gabe Diaz
|
|
Batting: LHB John Edmonds
|
0-0: Ball 1-0: Called Strike 1-1: Ball 2-1: Ball 3-1: SINGLE (Line Drive, 9S, EV 86.9 MPH)
|
|
Batting: RHB Byron Peyton
|
0-0: Ball 1-0: Foul Ball, location: 2F 1-1: SINGLE (Groundball, 56D, EV 103.8 MPH) John Edmonds to second
|
|
Batting: RHB Glenn Robertson
|
0-0: Ball 1-0: Called Strike 1-1: Ball 2-1: Fly out, F9 (Flyball, 9LM, EV 87.5 MPH)
|
|
Batting: RHB Ronald Carapezzi
|
0-0: Ball 1-0: Grounds into double play, 6-4-3 (Groundball, 6, EV 88.1 MPH)
|
| Top of the 7th over - 0 runs, 2 hits, 0 errors, 1 left on base; Greenville 5 - Sumter 1 |
| BOTTOM OF THE 7TH |
|
Sumter Gamecocks batting - Pitching for Greenville Spinners : RHP Robert Hussey
|
|
Batting: RHB David Howard
|
0-0: Called Strike 0-1: Ground out 1-3 (Groundball, P, EV 63.8 MPH)
|
|
Batting: SHB John Cangelosi
|
0-0: Ball 1-0: Foul Ball, location: 2F 1-1: Ball 2-1: DOUBLE (Line Drive, 9LM, EV 105.0 MPH)
|
|
Batting: LHB Antonio Tapia
|
0-0: Foul Ball, location: 2F 0-1: Ground out 5-3 (Groundball, 56, EV 88.1 MPH)
|
|
Batting: RHB Randy Washington
|
0-0: Fly out, F8 (Flyball, 89XD, EV 75.0 MPH)
|
| Bottom of the 7th over - 0 runs, 1 hit, 0 errors, 1 left on base; Greenville 5 - Sumter 1 |
| TOP OF THE 8TH |
|
Greenville Spinners batting - Pitching for Sumter Gamecocks : LHP Gabe Diaz
|
|
Pitching: RHP Dave Wareham
|
|
|
Batting: RHB Michael McEvilly
|
0-0: Foul Ball, location: 2F 0-1: DOUBLE (Groundball, 5L, EV 97.5 MPH)
|
|
Batting: RHB Darrell Woodard
|
0-0: Ball 1-0: Ground out 6-3 (Groundball, 6S, EV 82.5 MPH) Michael McEvilly to third
|
|
Batting: RHB Luis Salazar
|
0-0: Called Strike 0-1: Called Strike 0-2: Ball 1-2: Strikes out looking
|
|
Batting: LHB Russell Getter
|
0-0: Ball 1-0: Foul Ball, location: 2F 1-1: Ball 2-1: Swinging Strike 2-2: Ground out 2-3 (Groundball, 2L, EV 75.0 MPH)
|
| Top of the 8th over - 0 runs, 1 hit, 0 errors, 1 left on base; Greenville 5 - Sumter 1 |
| BOTTOM OF THE 8TH |
|
Sumter Gamecocks batting - Pitching for Greenville Spinners : RHP Robert Hussey
|
|
Batting: RHB Kelly Gruber
|
0-0: Called Strike 0-1: Ball 1-1: Foul Ball, location: 2F 1-2: Fly out, F8 (Flyball, 78M, EV 89.4 MPH)
|
|
Batting: LHB Mark Gerard
|
0-0: Ball 1-0: SINGLE (Line Drive, 56D, EV 108.1 MPH)
|
|
Batting: RHB Vaughn Calloway
|
0-0: Ball 1-0: Fielders Choice at 2nd, 4-6 (Groundball, 34D, EV 101.9 MPH)
|
|
Batting: LHB Rick Siriano
|
0-0: Called Strike 0-1: Foul Ball, location: 2F 0-2: Ball 1-2: Foul Ball, location: 2F 1-2: Fly out, F7 (Flyball, 78M, EV 84.4 MPH)
|
| Bottom of the 8th over - 0 runs, 1 hit, 0 errors, 1 left on base; Greenville 5 - Sumter 1 |
| TOP OF THE 9TH |
|
Greenville Spinners batting - Pitching for Sumter Gamecocks : RHP Dave Wareham
|
|
Pitching: RHP Kurt Mattson
|
|
|
Batting: RHB Tony Russell
|
0-0: Swinging Strike 0-1: Foul Ball, location: 2F 0-2: Ball 1-2: Strikes out swinging
|
|
Batting: LHB John Edmonds
|
0-0: Ball 1-0: Foul Ball, location: 2F 1-1: Foul Ball, location: 2F 1-2: SINGLE (Line Drive, 9S, EV 96.3 MPH)
|
|
Batting: RHB Byron Peyton
|
0-0: Called Strike 0-1: Ball 1-1: Ball 2-1: Called Strike 2-2: Ball 3-2: Base on Balls John Edmonds to second
|
|
Batting: RHB Glenn Robertson
|
0-0: Grounds into double play, 5-4-3 (Groundball, 5, EV 89.4 MPH)
|
| Top of the 9th over - 0 runs, 1 hit, 0 errors, 1 left on base; Greenville 5 - Sumter 1 |
| BOTTOM OF THE 9TH |
|
Sumter Gamecocks batting - Pitching for Greenville Spinners : RHP Robert Hussey
|
|
Pitching: RHP Scott Farmer
|
|
|
Batting: RHB Jerry Hidalgo
|
0-0: Called Strike 0-1: Ground out 6-3 (Groundball, 6, EV 83.8 MPH)
|
|
Batting: RHB David Howard
|
0-0: Called Strike 0-1: Ball 1-1: Foul Ball, location: 2F 1-2: Ball 2-2: Strikes out swinging
|
|
Batting: SHB John Cangelosi
|
0-0: Ball 1-0: Ball 2-0: Foul Ball, location: 2F 2-1: SINGLE (Groundball, 34S, EV 70.0 MPH) (infield hit)
|
|
Batting: LHB Antonio Tapia
|
0-0: Ball 1-0: Ball 2-0: Foul Ball, location: 2F 2-1: Fielders Choice at 2nd, 6-4 (Groundball, 6, EV 101.3 MPH)
|
| Bottom of the 9th over - 0 runs, 1 hit, 0 errors, 1 left on base; Greenville 5 - Sumter 1 |
|